 Dungeon Crawl Stone Soup version 0.27.0-1-g7a089689b8 (webtiles) character file.

Game seed: 18249228936269840727

9744 Acheron the Basher (level 11, -3/95 HPs)
             Began as a Minotaur Berserker on Aug 3, 2021.
             Was an Elder of Trog.
             Slain by a large slime creature (32 damage)
             ... on level 14 of the Dungeon.
             The game lasted 00:53:01 (9413 turns).

Acheron the Basher (Minotaur Berserker)             Turns: 9413, Time: 00:53:02

Health: -3/95      AC: 20    Str: 27    XL:     11   Next: 27%
Magic:  3/3        EV: 10    Int:  6    God:    Trog [****..]
Gold:   443        SH:  5    Dex: 12    Spells: 10/10 levels left

rFire    + . .     SeeInvis .   y - +3 flail (antimagic)
rCold    . . .     Faith    .   B - +0 buckler
rNeg     + . .     Spirit   .   M - +2 plate armour {rF+}
rPois    .         Reflect  .   m - +1 hat
rElec    .         Harm     .   E - +0 cloak
rCorr    .         Rampage  .   (no gloves)
Will     .....                  e - +0 pair of boots
Stlth    ..........             (no amulet)
HPRegen  0.25/turn              A - ring of positive energy
MPRegen  0.08/turn              f - +6 ring of strength

@: mighty, on berserk cooldown, slowed, very slow
A: horns 2, retaliatory headbutt
a: Renounce Religion, Berserk, Trog's Hand, Brothers in Arms


You were on level 14 of the Dungeon.
You worshipped Trog.
Trog was greatly pleased with you.
You visited 2 branches of the dungeon, and saw 15 of its levels.

You collected 681 gold pieces.
You spent 238 gold pieces at shops.

Inventory:

Hand Weapons
 i - a +3 dagger of electrocution
 j - a +3 whip of electrocution
 o - a +0 war axe
 u - a +1 flail of protection
 w - a +4 short sword
 y - a +3 antimagic flail (weapon)
 C - a +0 quarterstaff of freezing
 F - a +3 spear of freezing
 G - a +2 dire flail of protection
Missiles
 c - 208 stones
 k - 18 poisoned darts (quivered)
 p - 16 boomerangs
 s - 8 silver javelins
Armour
 e - a +0 pair of boots (worn)
 m - a +1 hat (worn)
 B - a +0 buckler (worn)
 D - a +2 robe of cold resistance
 E - a +0 cloak (worn)
 H - a +0 kite shield
 M - a +2 plate armour of fire resistance (worn)
Jewellery
 a - an amulet of faith
 f - a +6 ring of strength (right hand)
 n - a ring of ice
 x - a ring of flight
 A - a ring of positive energy (left hand)
Wands
 d - a wand of flame (36)
 q - a wand of iceblast (10)
 L - a wand of paralysis (5)
Scrolls
 t - 3 scrolls of identify
 I - a scroll of teleportation
 K - a scroll of brand weapon {unknown}
Potions
 b - 5 potions of cancellation
 g - 3 potions of flight
 h - 3 potions of curing
 l - a potion of resistance
 r - 2 potions of magic
 v - a potion of invisibility
 z - 2 potions of heal wounds
 J - a potion of might


   Skills:
 * Level 8.4 Fighting
 + Level 1.4 Short Blades
 + Level 5.2(8.5) Axes
 * Level 10.3(10.8) Maces & Flails
 + Level 5.6 Throwing
 * Level 10.1 Armour
 * Level 6.3 Dodging
 + Level 4.6 Stealth
 - Level 4.2 Shields
 * Level 3.1 Evocations


You had 10 spell levels left.
You didn't know any spells.
Your spell library was empty.

Dungeon Overview and Level Annotations

Branches:
Dungeon (14/15)            Temple (1/1) D:6            Lair (0/6) D:10
    Orc: D:9-12      Vaults: D:13-14

Altars:
Cheibriados
Elyvilon
Gozag
Hepliaklqana
Kikubaaqudgha
Okawaru
Sif Muna
Uskayaw
Vehumet
Wu Jian
Xom
The Shining One

Shops:
D:5 :   D:10 :!

Annotations:
D:8 3 runed translucent doors, WasDam's ghost, novice DsNe
D:10 2 transporters, Kinoniko's ghost, journeyman HOFi
D:13 Frances
D:14 exclusion: upstairs


Innate Abilities, Weirdness & Mutations

You have a pair of horns on your head.
You reflexively headbutt those who attack you in melee.


Message History

The slime creature is lightly wounded.
You bludgeon the slime creature!! You headbutt the slime creature!
The slime creature is severely wounded.
The slime creature barely misses you.
You sock the slime creature! You headbutt the slime creature!
You kill the slime creature!
Trog accepts your kill.
You feel a strong urge to attack something.
You start waiting.
You feel your anger nearly subside.
You are no longer berserk.
You are exhausted.
You feel yourself slow down.
The slime creature quivers.
The slime creature quivers.
You block the slime creature's attack.
You sock the slime creature!
The slime creature is moderately wounded.
The slime creature closely misses you. You furiously retaliate!
You headbutt the slime creature!
The slime creature hits you but does no damage.
Two slime creatures merge to form a large slime creature.
There is a stone staircase leading up here.
You feel very mighty all of a sudden. The large slime creature hits you!
The large slime creature hits you!!
You bludgeon the large slime creature!!
The large slime creature is moderately wounded.
You block the large slime creature's attack.
You bludgeon the large slime creature!!
The large slime creature is heavily wounded.
The large slime creature hits you but does no damage.
Your plate armour prevents you from hitting the large slime creature.
You headbutt the large slime creature!
The large slime creature is severely wounded.
The large slime creature hits you! The large slime creature hits you!!
* * * LOW HITPOINT WARNING * * *
Your ogre goes berserk!
Trog will no longer gift you weapons.
You block the large slime creature's attack.
The large slime creature hits you!!
You die...

+.........# #...†.....#
#..<†.....# ######'####
#...# #####.##### ####+####
..........##### #........
..............#####........
..........###..J@O#........
..........# #.###.+........
..........# #.# ###........
......>...###.#####...J....
######.#####...............
##.# #.#.....##.##+## #..#
##.#....#...#..# ##.##
#...#..#....#.### #..#
#...J### ........


You could see a large slime creature (ally target) and a friendly ogre
(summoned, berserk).

Vanquished Creatures
  Nessos (D:14)
  Fannar (D:10)
  A manticore (D:10)
  A troll (D:10)
  4 slime creatures (D:14)
  13 yaks
  A basilisk (D:14)
  A wyvern (D:9)
  3 vampire mosquitoes (D:14)
  A steam dragon (D:9)
  2 wargs (D:10)
  2 water moccasins
  An acid dragon (D:8)
  4 orc warriors
  2 black bears
  An ice beast (D:5)
  3 ogres (D:4)
  3 centaurs
  2 phantoms
  A kobold brigand (D:8)
  2 gnoll sergeants (D:10)
  2 bullfrogs (D:8)
  4 scorpions (D:5)
  17 killer bees
  7 wights
  4 howler monkeys
  5 centaur zombies
  4 orc priests
  A bullfrog skeleton (D:6)
  5 orc wizards
  A hound skeleton (D:5)
  A howler monkey zombie (D:8)
  8 gnolls (D:10)
  3 adders
  A white imp (D:4)
  A worm (D:7)
  3 dart slugs
  31 orcs
  10 bats
  7 endoplasms
  6 giant cockroaches
  3 goblins
  6 hobgoblins
  4 jackals (D:3)
  13 kobolds
  2 quokkas
  2 ball pythons
  3 frilled lizards
  8 rats
212 creatures vanquished.

Vanquished Creatures (collateral kills)
  A manticore (D:14)
  A gnoll (D:10)
2 creatures vanquished.

Vanquished Creatures (others)
  3 plants (D:11)
3 creatures vanquished.

Grand Total: 217 creatures vanquished

Notes
Turn   | Place    | Note
-------+----------+-------------------------------------------
     0 | D:1      | Acheron the Minotaur Berserker began the quest for the Orb.
     0 | D:1      | Reached XP level 1. HP: 19/19 MP: 0/0
    92 | D:1      | Reached XP level 2. HP: 26/27 MP: 1/1
   582 | D:2      | Reached XP level 3. HP: 33/33 MP: 2/2
   723 | D:2      | Reached ** piety under Trog
  1211 | D:3      | Found a faded altar of an unknown god.
  1229 | D:3      | Noticed an ogre
  1289 | D:4      | Noticed an ogre
  1311 | D:4      | Killed an ogre
  1312 | D:4      | Reached skill level 1 in Maces & Flails
  1312 | D:4      | Reached skill level 1 in Throwing
  1312 | D:4      | Reached skill level 1 in Stealth
  1312 | D:4      | Reached XP level 4. HP: 31/41 MP: 3/3
  1312 | D:4      | Reached XP level 5. HP: 35/47 MP: 4/4
  1713 | D:4      | Noticed an ogre
  1721 | D:4      | Killed an ogre
  1722 | D:4      | Reached XP level 6. HP: 53/53 MP: 5/5
  1884 | D:3      | Reached *** piety under Trog
  2149 | D:5      | Entered Level 5 of the Dungeon
  2275 | D:4      | Reached skill level 5 in Fighting
  2378 | D:5      | Reached XP level 7. HP: 61/61 MP: 6/6
  2479 | D:5      | Found Iciagiuff's Book Boutique.
  2546 | D:5      | Reached skill level 5 in Maces & Flails
  2546 | D:5      | Reached skill level 5 in Armour
  2793 | D:5      | Reached XP level 8. HP: 69/69 MP: 7/7
  2969 | D:6      | Found an ancient bone altar of Kikubaaqudgha.
  2971 | D:6      | Found an opulent altar of Gozag.
  2971 | D:6      | Found a hide-covered altar of Uskayaw.
  3061 | D:6      | Found a radiant altar of Vehumet.
  3280 | D:6      | Found a staircase to the Ecumenical Temple.
  3302 | Temple   | Entered the Ecumenical Temple
  3817 | D:7      | Found a snail-covered altar of Cheibriados.
  3842 | D:7      | Reached **** piety under Trog
  4070 | D:9      | Found a shimmering blue altar of Sif Muna.
  4345 | D:10     | Entered Level 10 of the Dungeon
  4507 | D:10     | Reached XP level 9. HP: 75/75 MP: 8/8
  4637 | D:10     | Noticed a manticore
  4661 | D:10     | Killed a manticore
  4790 | D:10     | Noticed Fannar
  4830 | D:10     | Killed Fannar
  4831 | D:10     | Reached skill level 1 in Shields
  4831 | D:10     | Reached skill level 1 in Evocations
  4861 | D:10     | Found Neeqacoc's Book Shop.
  4928 | D:10     | Found Liaffo's Distillery.
  4942 | D:10     | Bought a potion of curing for 42 gold pieces
  4942 | D:10     | Bought a potion of might for 56 gold pieces
  4942 | D:10     | Bought a potion of curing for 42 gold pieces
  4942 | D:10     | Bought a potion of attraction for 42 gold pieces
  4998 | D:10     | Found a transporter.
  4999 | D:10     | Noticed a troll
  5013 | D:10     | Reached skill level 5 in Dodging
  5017 | D:10     | Killed a troll
  5105 | D:10     | Noticed Kinoniko's ghost (journeyman HOFi)
  5137 | D:10     | Noticed a meliai
  5137 | D:10     | a golden eye changed into a meliai
  5383 | D:10     | Noticed a great orb of eyes
  5385 | D:10     | Found a transporter.
  5404 | D:10     | Found an ornate altar of the Wu Jian Council.
  5440 | D:10     | Reached XP level 10. HP: 86/86 MP: 9/9
  5452 | D:10     | Found a staircase to the Lair.
  5499 | D:10     | Noticed an ettin
  5508 | D:10     | Noticed an anaconda
  5508 | D:10     | an ettin changed into an anaconda
  6228 | D:8      | Found a runed translucent gate.
  6228 | D:8      | Found a runed translucent gate.
  6228 | D:8      | Found a runed translucent gate.
  6267 | D:8      | Noticed WasDam's ghost (novice DsNe)
  6934 | D:8      | Reached ***** piety under Trog
  6935 | D:8      | Reached skill level 1 in Short Blades
  7172 | D:8      | Found an iron altar of Okawaru.
  7994 | D:10     | Found a white marble altar of Elyvilon.
  7994 | D:10     | Found a shimmering altar of Xom.
  7994 | D:10     | Found a glowing golden altar of the Shining One.
  8025 | D:10     | Bought a potion of might for 56 gold pieces
  8047 | D:10     | Reached skill level 5 in Throwing
  8202 | D:10     | Noticed a water nymph
  8239 | D:10     | Noticed a mana viper
  8239 | D:10     | a komodo dragon changed into a mana viper
  8270 | D:10     | Noticed a cane toad
  8312 | D:10     | Found a hazy altar of Hepliaklqana.
  8949 | D:14     | Reached skill level 10 in Maces & Flails
  8949 | D:14     | Reached XP level 11. HP: 94/94 MP: 10/10
  9004 | D:14     | Reached skill level 5 in Axes
  9044 | D:14     | Noticed Nessos
  9068 | D:14     | Killed Nessos
  9069 | D:14     | Reached skill level 10 in Armour
  9222 | D:13     | Noticed Frances
  9413 | D:14     | Slain by a large slime creature

Illustrated notes

Levels and vault maps discovered:
D:1:      dpeg_arrival_water_temple_mockup, layout_basic,
          chequers_serial_rivers_small_3
D:2:      layout_loops_ring
D:3:      minmay_skewed_foursquare, layout_rooms, marbit_many_paths,
          ebering_ecumenical_altar_sacrificial, minmay_misc_feat_five
D:4:      layout_basic, minmay_misc_feat_hallway, minmay_misc_feat_plants
D:5:      layout_cave_pools, minmay_crystal_room, grunt_ministairs_4,
          st_stairs_9, nicolae_take_the_stairs, chequers_serial_rivers_room_b,
          amcnicky_mini_pool_medium, uniq_sigmund
D:6:      layout_basic, grunt_temple_overflow_open, minmay_temple_entry_trees,
          serial_shops, nicolae_shop_stone
D:7:      layout_rooms, cheibrodos_worm_habitat
D:8:      layout_loops_corners, kennysheep_okawaru_gauntlet,
          gammafunk_ghost_icy, kennysheep_generic_room_4
D:9:      layout_loops_ring, mainiacjoe_overflow_24_doors,
          hangedman_decor_points, minivault_19
D:10:     layout_irregular_city, lemuel_coloured_pillars_altar,
          nicolae_hepliaklqana_hippocampus, gammafunk_temple_overflow_forgotten,
          erik_lair_orcish_takeover, serial_shops, shop, shop,
          gammafunk_ghost_arena, chequers_mini_garden, uniq_fannar
D:11:     layout_roguey, serial_bayou, serial_bayou_pond_b,
          serial_bayou_lagoon_b, serial_bayou_shore_a, serial_bayou_pond_c,
          serial_bayou_lagoon_a, serial_bayou_shore_b, eino_jars,
          uniq_gastronok, uniq_nergalle
D:12:     layout_irregular_city, david_orc_1_choice, serial_column_ruins,
          column_ruins_hut_pillars, column_ruins_temple_hut,
          column_ruins_open_tiny, column_ruins_open_tiny,
          column_ruins_open_tiny_water, column_ruins_columns_dead_end,
          column_ruins_grid_1, column_ruins_corridor_corner, bh_walls_and_bars
D:13:     layout_irregular_city, uniq_frances, uniq_sonja
D:14:     layout_roguey, erik_vaults_2, moated_statue, minmay_misc_feat_chi,
          uniq_snorg, uniq_nessos, uniq_rupert
Temple:   jpeg_temple_island

Skill      XL: |  1  2  3  4  5  6  7  8  9 10 11 |
---------------+----------------------------------+-----
Axes           | 4 5 |  5.2
Fighting       | 4 5 6 7 8 |  8.4
Maces & Flails | 1 2 4 5 7 9 10 | 10.3
Throwing       | 1 2 3 4 5 |  5.6
Armour         | 3 4 5 7 8 9 10 | 10.1
Stealth        | 1 2 3 4 |  4.6
Dodging        | 3 4 5 6 |  6.3
Shields        | 2 4 |  4.2
Evocations     | 1 2 3 |  3.1
Short Blades   | 1 |  1.4

Action                   |  1- 3 |  4- 6 |  7- 9 | 10-12 || total
-------------------------+-------+-------+-------+-------++-------
Melee: Hand axe          |    34 |       |       |       ||    34
       Headbutt          |     6 |     9 |    38 |    51 ||   104
       Whip              |    38 |    77 |   158 |   135 ||   408
       War axe           |       |       |    26 |    12 ||    38
       Dagger            |       |       |     1 |    47 ||    48
       Flail             |       |       |       |    11 ||    11
Throw: Dart              |     3 |     1 |    11 |     1 ||    16
Invok: Berserk           |       |     2 |     8 |    10 ||    20
       Brothers in Arms  |       |       |     1 |     2 ||     3
       Trog's Hand       |       |       |     1 |       ||     1
  Use: Scroll            |       |       |    15 |     1 ||    16
       Potion            |       |       |       |     2 ||     2
 Stab: Sleeping          |     1 |       |       |       ||     1
Armor: Ring mail         |    21 |    17 |     8 |       ||    46
       Scale mail        |       |       |    54 |    47 ||   101
       Plate armour      |       |       |       |    24 ||    24
Dodge: Dodged            |    49 |    39 |    71 |    83 ||   242
Block: Kite shield       |       |       |    34 |    31 ||    65
       Buckler           |       |       |       |    30 ||    30
